 Dungeon Crawl Stone Soup version 0.27-a0-906-g0a00ce863d (webtiles) character file.

Game seed: 1115578334714812292

148394 mhtbhm the Bludgeoner (level 17, -3/118 HPs)
             Began as a Gargoyle Berserker on Apr 6, 2021.
             Was a High Priest of Trog.
             Slain by a redback (9 damage)
             ... on level 4 of the Spider Nest.
             The game lasted 00:41:42 (30701 turns).

mhtbhm the Bludgeoner (Gargoyle Berserker)         Turns: 30701, Time: 00:41:42

Health: -3/118     AC: 11    Str: 28    XL:     17   Next: 49%
Magic:  26/26      EV: 16    Int: 12    God:    Trog [*****.]
Gold:   2507       SH: 10    Dex: 13    Spells: 16/16 levels left

rFire    + . .     SeeInvis .   a - +3 morningstar "Luxyblus" {vorpal, +Blink rPois Dex-4}
rCold    + + .     Faith    .   t - +0 buckler
rNeg     + . .     Spirit   .   b - +2 ring mail of the Snake Pit {rF+ rC++}
rPois    ∞         Reflect  +   (helmet restricted)
rElec    +         Harm     .   (no cloak)
rCorr    .         Rampage  .   O - +1 pair of gloves
Will     +....                  h - +2 pair of boots
Stlth    +.........             F - amulet of reflection
HPRegen  0.29/turn              S - ring "Tixin" {Contam MP+9 Int+4 Dex+8}
MPRegen  0.20/turn              k - +4 ring of protection

@: about to teleport, marked, corroded, on berserk cooldown, flying, very
slightly contaminated, slowed, invisible, very slow
A: AC +12, big wings, negative energy resistance 1, electricity resistance,
torment resistance 1, unbreathing 1, petrification resistance, antennae 1,
talons 1, iridescent scales 1
a: Renounce Religion, Evoke Blink, Berserk, Trog's Hand, Brothers in Arms


You were on level 4 of the Spider Nest.
You worshipped Trog.
Trog was extremely pleased with you.
You visited 4 branches of the dungeon, and saw 25 of its levels.
You also visited: Ossuary, Bailey and Volcano.

You collected 3311 gold pieces.
You spent 804 gold pieces at shops.

Inventory:

Hand Weapons
 a - the +3 morningstar "Luxyblus" (weapon) {vorpal, +Blink rPois Dex-4}
   (Trog gifted it to you on level 10 of the Dungeon)

   It inflicts extra damage upon your enemies.
   It affects your dexterity (-4).
   It protects you from poison.
   It lets you blink.
 w - the +6 demon whip of the Lumpy Coins {drain, Str-3 Int+9}
   (You took it off an orc in a bailey)

   A truly terrible weapon, it drains the life of those it strikes.
   It affects your strength (-3).
   It affects your intelligence (+9).
 H - a +5 dire flail of flaming
 R - a +2 flail of holy wrath
Missiles
 e - 5 throwing nets (quivered)
Armour
 b - the +2 ring mail of the Snake Pit (worn) {rF+ rC++}
   (You found it on level 11 of the Dungeon)

   It protects you from fire.
   It greatly protects you from cold.
 h - a +2 pair of boots (worn)
 t - a +0 buckler (worn)
 O - a +1 pair of gloves (worn)
Jewellery
 d - a ring of willpower
 g - a ring of positive energy
 i - a ring of resist corrosion
 k - a +4 ring of protection (right hand)
 F - an amulet of reflection (around neck)
 S - the ring "Tixin" (left hand) {Contam MP+9 Int+4 Dex+8}
   (You found it on level 6 of the Lair of Beasts)

   [ring of magical power]

   It affects your intelligence (+4).
   It affects your dexterity (+8).
   It affects your magic capacity (+9).
   It causes magical contamination when unequipped.
 V - a ring of protection from fire
Wands
 j - a wand of polymorph (6)
 q - a wand of flame (55)
 z - a wand of paralysis (30)
 C - a wand of mindburst (14)
 I - a wand of acid (5)
 L - a wand of random effects (31)
Scrolls
 c - 5 scrolls of enchant weapon
 n - 7 scrolls of fear
 r - 13 scrolls of teleportation
 x - 3 scrolls of immolation
 y - 4 scrolls of magic mapping
 E - a scroll of fog
 K - 2 scrolls of summoning {unknown}
 N - 3 scrolls of enchant armour {unknown}
 P - a scroll of identify
 U - a scroll of acquirement {unknown}
Potions
 f - 5 potions of haste
 l - a potion of cancellation
 m - 10 potions of mutation
 o - 3 potions of berserk rage
 p - 2 potions of invisibility
 s - 6 potions of curing
 v - 3 potions of magic
 A - 5 potions of heal wounds
 B - 3 potions of resistance
 G - 11 potions of ambrosia
 J - 2 potions of flight {unknown}
 M - 4 potions of might {unknown}
 Q - a potion of experience {unknown}
Miscellaneous
 D - a tin of tremorstones (inert)


   Skills:
 + Level 17.4 Fighting
 + Level 18.0 Maces & Flails
 + Level 2.5 Throwing
 + Level 13.5 Armour
 + Level 10.6 Dodging
 - Level 2.7 Stealth
 - Level 4.3 Shields
 + Level 3.2 Evocations


You had 16 spell levels left.
You didn't know any spells.
Your spell library was empty.

Dungeon Overview and Level Annotations

Branches:
Dungeon (13/15)            Temple (0/1) D:5            Lair (6/6) D:9
  Swamp (0/4) Lair:4       Spider (4/4) Lair:4        Slime (0/5) Lair:5
    Orc (2/2) D:12            Elf (0/3) Orc:2        Vaults (0/5) D:13
Ossuary (visited)          Bailey (visited)         Volcano (visited)

Altars:
Elyvilon
Fedhas
Gozag
Hepliaklqana
Kikubaaqudgha
Nemelex Xobeh
Okawaru
Qazlal
Sif Muna
Vehumet
Xom
The Shining One
Beogh

Shops:
D:3 ?=[!(   D:5 [*[   Orc:1 *   Orc:2 ****

Portals:
Trove: D:11 (give 5 potions of resistance)


Innate Abilities, Weirdness & Mutations

Your stone body is resilient. (AC +12)
You are immune to poison.
Your large and strong wings let you fly.
You resist negative energy. (rN+)
You are resistant to electric shocks. (rElec)
You are resistant to unholy torment.
You can survive without breathing.
You are immune to petrification.
You have a pair of small antennae on your head.
You have sharp toenails.
You are partially covered in iridescent scales. (AC +2)


Message History

The redback closely misses you. x2
A redback comes into view.
The redback bites you but does no damage.
The redback closely misses you. x2
An orb spider comes into view.
The entropy weaver is caught in a web!
You block the redback's attack.
The orb spider moves out of view.
Unknown command.
As you read the scroll of teleportation, it crumbles to dust.
You feel strangely unstable.
A jumping spider comes into view.
The redback bites you but does no damage.
The redback closely misses you. The redback bites you.
* * * LOW HITPOINT WARNING * * *
The redback barely misses you.
The entropy weaver gestures at you while chanting.
The entropic weave corrodes you!
The entropy weaver pulls away from the web.
The redback completely misses you. x2; The redback barely misses you.
You block the redback's attack. The redback closely misses you.
The redback misses you. The redback closely misses you. x2
The jumping spider moves out of view.
Unknown command.
Unknown command.
As you read the scroll of fog, it crumbles to dust.
The scroll dissolves into smoke.
The redback barely misses you. You block the redback's attack.
The redback barely misses you. You block the redback's attack.
The redback closely misses you. The wolf spider hits you!
* * * LOW HITPOINT WARNING * * *
The wolf spider closely misses you.
The entropy weaver casts a spell at you.
The entropic weave corrodes you! The redback misses you.
A tarantella comes into view.
The redback misses you. You block the redback's attack. The redback misses you.
The redback bites you!
* * * LOW HITPOINT WARNING * * *
The wolf spider closely misses you. You block the wolf spider's attack.
The redback bites you!
You die...

#. #. ... ## . #... #..
.# ... #..####. ..!#
##..^.ss ....^ #
#...sss#....# ..s
.#s@ss##.#..#.. ^s
#...ssss..s..s..# .#
+...sss..s....#...#..
+..B...#..##.^.....^ s
+....#....s^...^...##.#
#...^#.###...#...#.....
#....... s###..(.^....
#.....#. .s.^.s...# ^.
#..#....#....


You could see an entropy weaver, a demonic crawler, 2 wolf spiders, 3 orb
spiders, a jumping spider, 2 tarantellas and 12 redbacks.

Vanquished Creatures
  Arachne (Spider:3)
  A lich (D:11)
  Rupert (D:13)
  The ghost of Rygut the Fighter, a journeyman DrFi of Ashenzari (Orc:1)
  An orc warlord (Orc:1)
  An emperor scorpion (Spider:2)
  The ghost of sleeves the Fighter, a journeyman DjCj of Makhleb (D:11)
  A dire elephant (Lair:6)
  3 entropy weavers
  A yaktaur captain (D:11)
  2 vault guards (D:13)
  2 ogre magi (D:13)
  Harold (Lair:1)
  12 hydras
  3 boulder beetles (D:13)
  A catoblepas (Lair:6)
  2 death knights (D:13)
  3 centaur warriors (D:13)
  A deep troll shaman (Lair:6)
  4 two-headed ogres
  12 death yaks
  A tengu warrior (D:13)
  A hell knight (Volcano)
  Nergalle (Lair:3)
  5 skeletal warriors (D:13)
  2 wizards
  A phantasmal warrior (D:11)
  A harpy (D:13)
  5 orc knights
  A necromancer (D:11)
  6 spectral wolf spiders (Spider:2)
  3 deep elf pyromancers (D:13)
  7 orb spiders
  2 ugly things (D:13)
  2 oklob plants (Lair:5)
  An orc sorcerer (D:13)
  4 wolf spider zombies (Spider:2)
  8 cyclopes
  A manticore (D:13)
  15 wolf spiders
  37 elephants
  2 moths of wrath (Spider:2)
  3 black mambas
  A smoke demon (Volcano)
  12 cane toads
  4 gargoyles
  A torpor snail (Spider:2)
  An unseen horror (D:12)
  An efreet (D:13)
  A rime drake (Lair:6)
  6 demonic crawlers
  10 komodo dragons
  A freezing wraith (D:13)
  A tengu conjurer (D:13)
  8 trolls
  3 red devils (Volcano)
  4 meliai (D:13)
  2 hornets
  A queen bee (D:13)
  3 polar bears
  A wolf spider simulacrum (Spider:2)
  13 jumping spiders
  16 blink frogs
  2 shadows (D:12)
  A tarantella (shapeshifter) (D:10)
  3 vampires (D:11)
  47 redbacks
  6 wyverns
  4 basilisks
  17 tarantellas
  72 yaks
  2 wraiths (D:11)
  A steam dragon (Lair:3)
  4 wargs
  4 swamp worms (Lair:4)
  11 vampire mosquitoes
  The ghost of thegreatwait the Cudgeller, an amateur GrFi (D:4)
  An acid dragon (D:13)
  23 water moccasins
  Duvessa (D:4)
  A hell hound (Volcano)
  8 black bears
  37 orc warriors
  5 ice beasts
  A sky beast (D:7)
  A necrophage (D:5)
  2 ogres
  13 centaurs
  31 wolves
  An elf zombie (Ossuary)
  16 bullfrogs
  A kobold brigand (D:9)
  A phantom (D:6)
  Blork the orc (D:4)
  2 gnoll sergeants
  7 scorpions
  A wyvern zombie (D:6)
  Dowan (D:4)
  2 water moccasin skeletons (D:4)
  21 killer bees
  3 wights (D:10)
  A howler monkey (D:9)
  2 electric eels
  3 centaur zombies
  2 bullfrog zombies (D:6)
  5 hounds
  9 orc priests
  5 jellies
  A gnoll shaman (D:6)
  Natasha (D:3)
  6 iguanas
  20 orc wizards
  Terence (D:2)
  A statue (D:13)
  3 mummies (Ossuary)
  4 howler monkey zombies
  19 gnolls
  8 adders
  A shadow imp (D:7)
  2 white imps
  2 ufetubi
  3 adder zombies (Ossuary)
  An adder skeleton (D:4)
  2 worms (Lair:4)
  2 dart slugs
  71 orcs
  5 ball pythons
  2 bats
  15 endoplasms
  3 giant cockroaches
  11 goblins
  5 hobgoblins
  10 jackals
  31 kobolds
  A quokka (D:1)
  3 frilled lizards
  3 goblin zombies (Ossuary)
  2 hobgoblin zombies (Ossuary)
  2 kobold zombies (Ossuary)
  5 quokka zombies (Ossuary)
  4 rats
  2 rat zombies (Ossuary)
889 creatures vanquished.

Vanquished Creatures (collateral kills)
  A kobold demonologist (D:13)
  A redback (Spider:3)
  A tarantella (Spider:3)
3 creatures vanquished.

Vanquished Creatures (others)
  A warg (Orc:2)
  An orc (Orc:2)
  34 fungi
  46 plants
  2 withered plants (Orc:1)
84 creatures vanquished.

Grand Total: 976 creatures vanquished

Notes
Turn   | Place    | Note
-------+----------+-------------------------------------------
     0 | D:1      | mhtbhm the Gargoyle Berserker began the quest for the Orb.
     0 | D:1      | Reached XP level 1. HP: 14/14 MP: 1/1
   114 | D:1      | Reached XP level 2. HP: 15/19 MP: 2/2
   796 | D:1      | Reached XP level 3. HP: 23/24 MP: 3/3
  1398 | D:2      | Noticed Terence
  1403 | D:2      | Reached ** piety under Trog
  1420 | D:2      | Killed Terence
  1421 | D:2      | Reached skill level 4 in Maces & Flails
  1421 | D:2      | Reached XP level 4. HP: 29/29 MP: 4/4
  1672 | D:3      | Gained mutation: You have a pair of small antennae on your
                  | head. [potion of mutation]
  1672 | D:3      | Gained mutation: You have sharp toenails. [potion of
                  | mutation]
  1672 | D:3      | Gained mutation: You are partially covered in iridescent
                  | scales. (AC +2) [potion of mutation]
  1726 | D:3      | Found Awoi's Armour Shop.
  1726 | D:3      | Found Gora's Distillery.
  1876 | D:3      | Found Rydimn's Jewellery Emporium.
  1899 | D:3      | Found Fabok's Magic Scroll Shoppe.
  1913 | D:3      | Bought a scroll of blinking for 75 gold pieces
  2095 | D:3      | Noticed Natasha
  2103 | D:3      | Killed Natasha
  2530 | D:3      | Found Wesseucs's Antique Weapon Shop.
  2595 | D:3      | Found a faded altar of an unknown god.
  2647 | D:3      | Found a radiant altar of Vehumet.
  2647 | D:3      | Found a stormy altar of Qazlal.
  2672 | D:3      | Found a faded altar of an unknown god.
  2672 | D:3      | Found a white marble altar of Elyvilon.
  2679 | D:3      | Found a faded altar of an unknown god.
  2681 | D:3      | Found a shimmering altar of Xom.
  2683 | D:3      | Found a glowing golden altar of the Shining One.
  2735 | D:3      | Reached XP level 5. HP: 33/33 MP: 5/5
  2847 | D:4      | Noticed Blork the orc
  2858 | D:4      | Killed Blork the orc
  3160 | D:5      | Entered Level 5 of the Dungeon
  3187 | D:5      | Reached skill level 5 in Maces & Flails
  3187 | D:5      | Reached XP level 6. HP: 38/38 MP: 6/6
  3227 | D:5      | Found a sand-covered staircase.
  3249 | D:5      | Reached skill level 1 in Stealth
  3394 | Ossuary  | Entered an ossuary
  3622 | Ossuary  | Reached XP level 7. HP: 42/44 MP: 7/7
  3831 | Ossuary  | Reached *** piety under Trog
  3993 | D:5      | Found Adagraohyl's Armour Boutique.
  4054 | D:5      | Identified the +9 flail of Arbitration {flame, rF- rC++
                  | rN+}
  4114 | D:5      | Found a staircase to the Ecumenical Temple.
  4118 | D:5      | Reached skill level 6 in Maces & Flails
  4240 | D:5      | Reached skill level 5 in Fighting
  4249 | D:5      | Found Fak Imp's Antique Armour Shop.
  4272 | D:5      | Found Dorumoin's Assorted Antiques.
  4290 | D:5      | Bought a scroll of identify for 58 gold pieces
  4412 | D:5      | Reached XP level 8. HP: 46/49 MP: 8/8
  4450 | D:5      | Reached skill level 7 in Maces & Flails
  4977 | D:4      | Noticed thegreatwait's ghost (amateur GrFi)
  4978 | D:4      | Found a runed translucent door.
  5287 | D:4      | Reached skill level 5 in Armour
  5290 | D:4      | Reached **** piety under Trog
  5402 | D:4      | Noticed Dowan
  5402 | D:4      | Noticed Duvessa
  5406 | D:4      | Killed Duvessa
  5408 | D:4      | Killed Dowan
  5622 | D:4      | Killed thegreatwait's ghost
  5623 | D:4      | Reached skill level 8 in Maces & Flails
  5734 | D:5      | Bought a runed scale mail for 203 gold pieces
  5873 | D:6      | Reached XP level 9. HP: 53/55 MP: 9/9
  6095 | D:6      | Reached skill level 9 in Maces & Flails
  6338 | D:6      | Found a shimmering blue altar of Sif Muna.
  6809 | D:7      | Found a flagged portal.
  6829 | D:7      | Reached skill level 10 in Maces & Flails
  6860 | D:7      | Identified the +2 hand axe of the Ancients {antimagic,
                  | rElec Stlth+}
  6863 | Bailey   | Entered a bailey
  6983 | Bailey   | Reached XP level 10. HP: 55/61 MP: 10/10
  7122 | Bailey   | Identified the +6 demon whip of the Lumpy Coins {drain,
                  | Str-3 Int+9}
  7185 | Bailey   | Reached ***** piety under Trog
  7375 | D:7      | Found a hazy altar of Hepliaklqana.
  7376 | D:7      | Found an opulent altar of Gozag.
  7384 | D:7      | Reached skill level 1 in Throwing
  8117 | D:8      | Noticed a two-headed ogre
  8127 | D:8      | Killed a two-headed ogre
  8128 | D:8      | Reached skill level 11 in Maces & Flails
  8128 | D:8      | Reached skill level 1 in Shields
  8718 | D:9      | Reached XP level 11. HP: 43/68 MP: 11/11
  8899 | D:9      | Reached ****** piety under Trog
  8900 | D:9      | Reached skill level 12 in Maces & Flails
  8947 | D:9      | Found a staircase to the Lair.
  8963 | D:9      | Noticed a two-headed ogre
  8964 | D:9      | Received a gift from Trog
  8975 | D:9      | Killed a two-headed ogre
  9360 | D:9      | Noticed a two-headed ogre
  9364 | D:9      | Killed a two-headed ogre
  9365 | D:9      | Reached skill level 5 in Dodging
  9739 | Lair:1   | Entered Level 1 of the Lair of Beasts
 10116 | Lair:1   | Noticed a seven-headed hydra
 10121 | Lair:1   | Killed a seven-headed hydra
 10402 | Lair:1   | Noticed Harold
 10414 | Lair:1   | Killed Harold
 10723 | Lair:2   | Noticed a four-headed hydra
 10732 | Lair:2   | Killed a four-headed hydra
 10733 | Lair:2   | Reached XP level 12. HP: 65/76 MP: 12/12
 10826 | Lair:2   | Reached skill level 13 in Maces & Flails
 11588 | Lair:3   | Noticed Nergalle
 11599 | Lair:3   | Killed Nergalle
 11605 | Lair:3   | Received a gift from Trog
 11657 | Lair:3   | Reached skill level 10 in Fighting
 11997 | Lair:3   | Reached skill level 10 in Armour
 12352 | Lair:3   | Noticed a death yak
 12356 | Lair:3   | Reached skill level 14 in Maces & Flails
 12358 | Lair:3   | Noticed a death yak
 12362 | Lair:3   | Noticed a death yak
 12365 | Lair:3   | Noticed a death yak
 12366 | Lair:3   | Killed a death yak
 12368 | Lair:3   | Noticed a death yak
 12371 | Lair:3   | Noticed a death yak
 12374 | Lair:3   | Killed a death yak
 12375 | Lair:3   | Reached XP level 13. HP: 83/83 MP: 13/13
 13216 | Lair:4   | Found a hole to the Spider Nest.
 13709 | Lair:4   | Reached skill level 15 in Maces & Flails
 14080 | Lair:4   | Found a staircase to the Swamp.
 14083 | Lair:4   | Received a gift from Trog
 14512 | Lair:5   | Gained mutation: Your large and strong wings let you fly.
                  | [Gargoyle growth]
 14512 | Lair:5   | Reached XP level 14. HP: 92/92 MP: 14/14
 14734 | Lair:5   | Found a staircase to the Slime Pits.
 15495 | Lair:5   | Reached skill level 1 in Evocations
 15584 | Lair:6   | Entered Level 6 of the Lair of Beasts
 15652 | Lair:6   | Found a blossoming altar of Fedhas.
 15690 | Lair:6   | Found a dark tunnel.
 15700 | Volcano  | Entered a volcano
 16714 | Lair:6   | Received a gift from Trog
 16802 | Lair:6   | Noticed a dire elephant
 16821 | Lair:6   | Killed a dire elephant
 17146 | Lair:6   | Reached XP level 15. HP: 92/100 MP: 15/15
 17224 | Lair:6   | Reached skill level 16 in Maces & Flails
 17382 | Lair:6   | Identified the ring "Tixin" {Contam MP+9 Int+4 Dex+8}
 18203 | D:10     | Entered Level 10 of the Dungeon
 18499 | D:10     | Found an iron altar of Okawaru.
 18501 | D:10     | Identified the +3 morningstar "Luxyblus" {vorpal, +Blink
                  | rPois Dex-4} (Trog gifted it to you on level 10 of the
                  | Dungeon)
 18501 | D:10     | Received a gift from Trog
 19553 | D:11     | Identified the +2 ring mail of the Snake Pit {rF+ rC++}
 19873 | D:11     | Found a sparkling altar of Nemelex Xobeh.
 19931 | D:11     | Found a portal to a secret trove of treasure.
 20045 | D:11     | Noticed a lich
 20045 | D:11     | Noticed sleeves's ghost (journeyman DjCj)
 20068 | D:11     | Found a runed translucent door.
 20082 | D:11     | Found a runed translucent door.
 20200 | D:11     | Killed a lich
 20208 | D:11     | Killed sleeves's ghost
 20777 | D:12     | Found an ancient bone altar of Kikubaaqudgha.
 20963 | D:12     | Found a staircase to the Orcish Mines.
 21035 | D:12     | Identified the +2 leather armour of Tenacity {Str+4 Int+2
                  | SInv}
 21126 | D:12     | Received a gift from Trog
 21390 | Orc:1    | Entered Level 1 of the Orcish Mines
 21441 | Orc:1    | Reached skill level 15 in Fighting
 21514 | Orc:1    | Found Korees's Assorted Antiques.
 21597 | Orc:1    | Bought a scroll of magic mapping for 108 gold pieces
 21654 | Orc:1    | Found a runed translucent door.
 21655 | Orc:1    | Noticed Rygut's ghost (journeyman DrFi)
 21849 | Orc:1    | Killed Rygut's ghost
 21930 | Orc:1    | You are sucked into a shaft and drop 1 floor!
 21930 | Orc:2    | Entered Level 2 of the Orcish Mines
 21935 | Orc:2    | Noticed an orc warlord
 21960 | Orc:1    | Killed an orc warlord
 22518 | Orc:2    | Found a staircase to the Elven Halls.
 22726 | Orc:2    | Found Eluguf's General Store.
 22726 | Orc:2    | Found Liorot's Assorted Antiques.
 22726 | Orc:2    | Found Zelosata's Assorted Antiques.
 22729 | Orc:2    | Found Guur's Assorted Antiques.
 22736 | Orc:2    | Bought a pair of glowing boots for 210 gold pieces
 22743 | Orc:2    | Bought 2 potions of heal wounds for 150 gold pieces
 23159 | D:12     | You are sucked into a shaft and drop 1 floor!
 23169 | D:13     | Received a gift from Trog
 23254 | D:13     | Reached XP level 16. HP: 41/108 MP: 16/16
 23583 | D:13     | Reached skill level 17 in Maces & Flails
 23586 | D:13     | Noticed Rupert
 23616 | D:13     | Killed Rupert
 24906 | D:13     | Received a gift from Trog
 25005 | D:13     | Identified the +5 chain mail of Fortitude {rC- Str+8}
 25149 | D:13     | Found a radiant altar of Vehumet.
 26138 | D:13     | Found a gate to the Vaults.
 26957 | Spider:1 | Entered Level 1 of the Spider Nest
 27503 | Spider:1 | Received a gift from Trog
 28384 | Spider:2 | Reached skill level 10 in Dodging
 28458 | Spider:2 | Reached XP level 17. HP: 116/116 MP: 17/17
 29429 | Spider:2 | Received a gift from Trog
 29873 | Spider:3 | Noticed Arachne
 29979 | Spider:3 | Killed Arachne
 30294 | Spider:3 | Reached skill level 18 in Maces & Flails
 30692 | Spider:3 | HP: 3/118 [wolf spider (4)]
 30696 | Spider:4 | Entered Level 4 of the Spider Nest
 30701 | Spider:4 | Slain by a redback

Illustrated notes

Levels and vault maps discovered:
D:1:      lemuel_arrival_broad_hall, layout_loops_ring,
          chequers_serial_rivers_micro_e
D:2:      layout_basic, kennysheep_flooded_box, corner_web_ring, uniq_terence
D:3:      layout_loops_cross, chequers_temple_overflow_minitemple,
          gammafunk_temple_overflow_wave, serial_shops, shop_fountains,
          nicolae_shop_waterfront, shop, shop, shop,
          chequers_ecumenical_altar_grove, uniq_natasha
D:4:      minmay_polygon_palace, layout_cave_pods, gammafunk_ghost_grave,
          uniq_duvessa, uniq_blork_the_orc
D:5:      layout_loops_ring, minmay_temple_entry_mini_moons, serial_shops,
          kennysheep_mini, nicolae_shop_waterfront, nicolae_shop_stone,
          lightli_ossuary_entry_decrepit_ruins, grunt_ministairs_1
D:6:      layout_loops_cross, nicolae_sif_muna_condensation,
          chequers_serial_rivers_small_3
D:7:      layout_basic, grunt_temple_overflow_open, enter_bailey_2
D:8:      layout_rooms, minmay_misc_feat_rows, hangedman_glass_teeth,
          kennysheep_generic_room_11
D:9:      layout_loops_ring, minmay_lair_entry_grove
D:10:     layout_cave_pods, old_standard_altar, hangedman_little_slice_of_home
D:11:     layout_rooms, nicolae_trove_entry_crystal,
          muffindrake_ghost_dual_entry, nemelex_xobeh_ov_fountains_minmay
D:12:     layout_cave_pools, david_orc_1_choice,
          nicolae_kikubaaqudgha_miasma_corner
D:13:     minmay_the_grid_3x3 [minmay_the_grid_all_tris,
          minmay_the_grid_stretched_grid, minmay_the_grid_aliased_spiral,
          minmay_the_grid_mess, minmay_the_grid_expand, minmay_the_grid_x,
          minmay_the_grid_minigrid_medium, minmay_the_grid_embedded,
          minmay_the_grid_prize_trominoes], layout_basic,
          grunt_vaults_entry_fortified, special_room [special_room_bee],
          minmay_misc_feat_columns, vehumet_statue, uniq_rupert
Lair:1:   layout_regular_city, uniq_harold
Lair:2:   beast_lair_carwin_large_3, layout_long_grid
Lair:3:   layout_cave_pods, serial_bayou_shore_a, grunt_megastairs_4,
          uniq_nergalle
Lair:4:   layout_gridlike, palyth_hydra_swamp_entry,
          nicolae_spider_entry_non_spiders, kennysheep_catoblepas_arena
Lair:5:   layout_hall_layers, minmay_slime_entry_oklob_enclosed
Lair:6:   grunt_lair_end_beastmaster, layout_hall_layers,
          lightli_volcano_entry_magma_tube, basic_altar
Spider:1: layout_spider_delve
Spider:2: layout_spider_delve, nicolae_spider_undead_wolf_pack
Spider:3: layout_spider_delve, uniq_arachne
Spider:4: spider_rune_water, uniq_mara, uniq_bai_suzhen
Orc:1:    layout_caves, gammafunk_ghost_grave, serial_shops, shop, mines2_david
Orc:2:    st_orc_rangers, layout_caves

Skill      XL: |  1  2  3  4  5  6  7  8  9 10 11 12 13 14 15 16 17 |
---------------+----------------------------------------------------+-----
Maces & Flails | 4 5 6 8 10 11 12 14 15 16 17 18 | 18.0
Fighting       | 4 5 6 7 9 10 12 13 15 16 17 | 17.4
Dodging        | 2 3 4 5 6 7 8 10 | 10.6
Armour         | 3 4 5 6 8 9 10 11 12 13 | 13.5
Stealth        | 1 2 |  2.7
Throwing       | 2 |  2.5
Shields        | 1 3 4 |  4.3
Evocations     | 1 2 3 |  3.2

Action                   |  1- 3 |  4- 6 |  7- 9 | 10-12 | 13-15 | 16-18 || total
-------------------------+-------+-------+-------+-------+-------+-------++-------
Melee: Mace              |    14 |       |       |       |       |       ||    14
       Flail             |   120 |   122 |   256 |   505 |   707 |       ||  1710
       Kick              |       |    21 |    47 |   154 |   138 |       ||   360
       Demon whip        |       |       |       |       |    36 |       ||    36
       Morningstar       |       |       |       |       |   421 |   868 ||  1289
Throw: Boomerang         |       |       |       |    20 |       |       ||    20
       Throwing net      |       |       |       |       |       |     2 ||     2
Invok: Berserk           |     1 |     5 |     7 |     6 |    15 |    12 ||    46
       Trog's Hand       |       |       |       |       |     1 |       ||     1
       Brothers in Arms  |       |       |       |       |       |     3 ||     3
Evoke: Wand              |       |       |       |       |    21 |     8 ||    29
       Tin of tremorston |       |       |       |       |       |     2 ||     2
  Use: Scroll            |       |     3 |    10 |     5 |     5 |     6 ||    29
       Potion            |       |     1 |       |       |       |     4 ||     5
 Stab: Petrified         |       |       |       |       |    19 |       ||    19
       Petrifying        |       |       |       |       |     2 |       ||     2
       Distracted        |       |       |       |       |       |     1 ||     1
Armor: Leather armour    |    46 |       |       |       |       |       ||    46
       Animal skin       |     1 |       |       |       |       |       ||     1
       Scale mail        |    21 |    71 |   159 |   285 |   189 |       ||   725
       Chain mail        |       |       |       |       |   265 |       ||   265
       Ring mail         |       |       |       |       |   150 |   504 ||   654
Dodge: Dodged            |    85 |    70 |   147 |   294 |   494 |   531 ||  1621
Block: Buckler           |       |       |     5 |   117 |   465 |   421 ||  1008
       Reflection        |       |       |       |       |    28 |    10 ||    38

Table legend: (Time is in decaauts)
 A = Elapsed time spent in this place.
 B = Non-inter-level travel time spent in this place.
 C = Inter-level travel time spent in this place.
 D = Time resting spent in this place.
 E = Time spent auto-exploring this place.
 F = Levels seen in this place.
 G = Mean time per level.
                   A        B        C        D        E       F      G
               +--------+--------+--------+--------+--------+-----+--------+
         Total |  30437 |  30173 |    264 |   6318 |  16809 |  28 | 1087.0 |
       Dungeon |  15566 |  15371 |    195 |   2813 |   8865 |  13 | 1197.4 |
          Lair |   8201 |   8181 |     20 |   1346 |   4978 |   6 | 1366.8 |
   Spider Nest |   3630 |   3581 |     49 |   1293 |   1563 |   4 |  907.5 |
  Orcish Mines |   1715 |   1715 |      0 |    382 |    953 |   2 |  857.5 |
       Ossuary |    516 |    516 |      0 |    204 |    197 |   1 |  516.0 |
        Bailey |    429 |    429 |      0 |    202 |     29 |   1 |  429.0 |
       Volcano |    376 |    376 |      0 |     77 |    224 |   1 |  376.0 |
               +--------+--------+--------+--------+--------+-----+--------+

Top non-repeatable levels by time:
    D:13: 3241 daAuts
  Lair:6: 1953 daAuts
Spider:2: 1532 daAuts
  Lair:3: 1520 daAuts
  Lair:4: 1481 daAuts
     D:9: 1364 daAuts
Spider:1: 1360 daAuts
     D:4: 1307 daAuts
    D:10: 1281 daAuts
     D:5: 1222 daAuts
     D:3: 1181 daAuts
    D:11: 1147 daAuts
  Lair:5: 1138 daAuts
  Lair:2: 1138 daAuts
     D:1: 1000 daAuts
